 Dungeon Crawl Stone Soup version 0.22.0-78-g6c94d2c (webtiles) character file.

8429 MalarOregon the Cleaver (level 11, -9/95 HPs)
             Began as a Hill Orc Fighter on Sept 16, 2018.
             Was a High Priest of the Shining One.
             Killed by divine providence
             ... invoked by a smoke demon
              (12 damage)
             ... on level 1 of the Abyss.
             The game lasted 00:18:26 (8750 turns).

MalarOregon the Cleaver (Hill Orc Fighter)          Turns: 8750, Time: 00:18:27

Health: -9/95      AC: 13    Str: 20    XL:     11   Next: 30%
Magic:  14/14      EV:  9    Int: 11    God:    the Shining One [*****.]
Gold:   272        SH: 13    Dex: 10    Spells: 10/10 levels left

rFire    . . .     SeeInvis .   a - +0 war axe (elec)
rCold    + . .     Gourm    .   c - +1 shield
rNeg     + + .     Faith    .   b - +0 scale mail
rPois    .         Spirit   .   k - +0 helmet
rElec    .         Reflect  .   B - +1 cloak
rCorr    .         Harm     .   A - +0 pair of gloves
MR       .....                  (no boots)
Stlth    ..........             t - amulet of magic regeneration
HPRegen  0.25/turn              o - ring of protection from cold (curse)
MPRegen  0.39/turn              (no ring)

@: about to teleport, glowing
A: no striking features
a: Divine Shield, Cleansing Flame, Summon Divine Warrior, Renounce Religion


You were on level 1 of the Abyss.
You worshipped the Shining One.
The Shining One was extremely pleased with you.
You were not hungry.

You visited 2 branches of the dungeon, and saw 12 of its levels.
You visited the Abyss 1 time.
You also visited: Sewer.

You collected 622 gold pieces.
You spent 324 gold pieces at shops.
You donated 26 gold pieces to Zin.

Inventory:

Hand Weapons
 a - a +0 war axe of electrocution (weapon)
Armour
 b - a +0 scale mail (worn)
 c - a +1 shield (worn)
 k - a +0 helmet (worn)
 A - a +0 pair of gloves (worn)
 B - a +1 cloak (worn)
Jewellery
 o - a cursed ring of protection from cold (left hand)
 t - an amulet of magic regeneration (around neck)
 I - an uncursed ring of wizardry {unknown}
Wands
 d - a wand of paralysis (16)
 p - a wand of polymorph (19)
 s - a wand of acid (16)
 z - a wand of flame (13)
 E - a wand of iceblast (4)
 H - a wand of digging (12)
Scrolls
 e - 6 scrolls of remove curse
 j - 2 scrolls of blinking
 m - a scroll of summoning {unknown}
 u - 5 scrolls of identify
 v - 2 scrolls of enchant armour
 x - 3 scrolls of amnesia
 y - 4 scrolls of teleportation
 D - 3 scrolls of immolation {unknown}
 F - 2 scrolls of brand weapon
Potions
 g - 4 potions of heal wounds {unknown}
 h - a potion of ambrosia {unknown}
 i - a potion of invisibility {unknown}
 l - 3 potions of curing
 n - 4 potions of brilliance {unknown}
 q - 2 potions of resistance {unknown}
 r - a potion of haste
 w - a potion of cancellation {unknown}
 C - 3 potions of degeneration {unknown}
Comestibles
 f - 23 rations
 G - a chunk of flesh


   Skills:
 + Level 8.8 Fighting
 * Level 12.4 Axes
 + Level 8.2 Armour
 * Level 10.9 Shields
 + Level 4.3 Invocations
 + Level 3.2 Evocations


You had 10 spell levels left.
You didn't know any spells.
Your spell library contained the following spells:

 Spells                   Type           Power        Failure   Level  Hunger
 Animate Skeleton         Necr           N/A          83%         1    ##.....
 Apportation              Tloc           #.....       83%         1    ##.....
 Confusing Touch          Hex            #.....       83%         1    ##.....
 Magic Dart               Conj           #...         83%         1    ##.....
 Summon Small Mammal      Summ           #...         83%         1    ##.....
 Searing Ray              Conj           #.....       92%         2    ###....
 Dazzling Spray           Conj/Hex       #.....       99%         3    ####...
 Force Lance              Conj/Tloc      #.......     100%        4    #####..
 Fulminant Prism          Conj/Hex       #.........   100%        4    #####..
 Iskenderun's Mystic Bla  Conj           #.......     100%        4    #####..


Dungeon Overview and Level Annotations

Branches:
Dungeon (11/15)            Temple (1/1) D:4            Lair (0/6) D:8
    Orc (0/2) D:10

Altars:
Ashenzari
Cheibriados
Dithmenos
Elyvilon
Fedhas
Gozag
Hepliaklqana
Kikubaaqudgha
Makhleb
Nemelex Xobeh
Okawaru
Qazlal
Ru
Sif Muna
Trog
Uskayaw
Vehumet
Wu Jian
Xom
Yredelemnul
Zin
The Shining One

Shops:
D:4 ?   D:7 [   D:10 }

Annotations:
D:11 Erolcha


Message History

As you read the scroll of teleportation, it crumbles to dust.
You feel strangely unstable.
You feel the power of the Abyss delaying your translocation!
The smoke demon gestures at you. Something smites you!
* * * LOW HITPOINT WARNING * * *
The smoke demon gestures at you. The ball of steam hits you!
* * * LOW HITPOINT WARNING * * *
The smoke demon hits you but does no damage.
The smoke demon hits you.
* * * LOW HITPOINT WARNING * * *
The smoke demon barely misses you.
The shadow dragon simulacrum is engulfed in a cloud of scalding steam.
The smoke demon gestures at you. Something smites you!
* * * LOW HITPOINT WARNING * * *
The smoke demon gestures at you. Something smites you!
You die...

# .2
....#........#
#####...#.#... # #
. #
###.##Z...##.....#
..#.##§.####....#
#.##..#..##... #
#...3#####..#. #
###.##........#
####.§...## ..#
#.#@##...# ..
#..#.##...
#.#...## # ##§##
##


You could see a smoke demon.

Vanquished Creatures
  A hydra (D:9)
  A necromancer (Abyss:1)
  A guardian serpent (D:11)
  A komodo dragon (D:8)
  2 kobold demonologists (D:8)
  2 dream sheep (D:9)
  A vampire (D:10)
  An ettin skeleton (Abyss:1)
  2 yaks (D:9)
  Sigmund (D:4)
  Eustachio (D:5)
  3 hungry ghosts (D:10)
  A water moccasin (D:10)
  An orc warrior (D:9)
  Purgy (Sewer)
  A phantom (D:4)
  2 black bears
  An ogre (D:6)
  3 sky beasts
  5 centaurs
  An elf zombie (Abyss:1)
  3 big kobolds (D:9)
  3 bullfrogs
  2 scorpions
  11 killer bees
  8 wights
  A howler monkey (D:9)
  2 bullfrog zombies
  5 crimson imps
  4 hounds
  A quasit (D:9)
  5 orc priests
  A centaur skeleton (D:7)
  5 iguanas
  4 jellies
  2 bullfrog skeletons (D:4)
  6 orc wizards
  Jessica (D:2)
  Natasha (thrice) (D:4 D:3)
  7 worker ants
  A killer bee zombie (D:5)
  6 ogre zombies (D:10)
  A hound skeleton (D:6)
  A worker ant zombie (D:5)
  Robin (D:2)
  14 adders
  7 shadow imps
  2 oozes
  An adder skeleton (D:8)
  7 worms
  4 dart slugs
  8 leopard geckos
  31 orcs
  4 ball pythons
  13 bats
  2 giant cockroaches
  16 goblins
  13 hobgoblins
  14 jackals
  3 quokkas
  4 frilled lizards
  2 goblin zombies (D:10)
  A hobgoblin skeleton (D:10)
  5 kobolds
  5 orc skeletons (D:10)
  11 orc zombies (D:10)
  7 rats
  3 plants
294 creatures vanquished.

Vanquished Creatures (others)
  3 orc wizards (D:10)
  A plant (D:8)
4 creatures vanquished.

Grand Total: 298 creatures vanquished

Notes
Turn   | Place    | Note
-------+----------+-------------------------------------------
     0 | D:1      | MalarOregon the Hill Orc Fighter began the quest for the
                  | Orb.
     0 | D:1      | Reached XP level 1. HP: 19/19 MP: 1/1
     6 | D:1      | Noticed a soldier ant
     6 | D:1      | Noticed an iguana
     7 | D:1      | Noticed a centaur warrior
   135 | D:1      | Reached skill level 3 in Axes
   138 | D:1      | Reached XP level 2. HP: 23/27 MP: 2/2
   393 | D:1      | Reached XP level 3. HP: 33/33 MP: 3/3
   836 | D:2      | Noticed Jessica
   850 | D:2      | Killed Jessica
   850 | D:2      | Reached XP level 4. HP: 23/40 MP: 4/4
  1016 | D:2      | Reached skill level 4 in Axes
  1047 | D:2      | Found a white marble altar of Elyvilon.
  1097 | D:2      | Noticed a moth of wrath
  1100 | D:2      | Found a bloodstained altar of Trog.
  1234 | D:2      | Noticed Robin
  1255 | D:2      | Reached XP level 5. HP: 36/46 MP: 5/5
  1261 | D:2      | Killed Robin
  1635 | D:3      | Reached skill level 5 in Axes
  1830 | D:3      | Reached XP level 6. HP: 46/53 MP: 6/6
  1852 | D:3      | Reached skill level 5 in Shields
  2057 | D:3      | Found a glowing drain.
  2087 | Sewer    | Entered a sewer
  2277 | Sewer    | Noticed Purgy
  2299 | Sewer    | Killed Purgy
  2466 | D:3      | Found a glowing silver altar of Zin.
  2525 | D:3      | Became a worshipper of Zin the Law-Giver
  2525 | D:3      | Reached * piety under Zin
  2720 | D:4      | Reached skill level 6 in Axes
  2720 | D:4      | Reached XP level 7. HP: 46/60 MP: 7/7
  2823 | D:4      | Noticed Sigmund
  2829 | D:4      | Killed Sigmund
  2829 | D:4      | Reached skill level 5 in Fighting
  2914 | D:4      | Found Dirup's Magic Scroll Emporium.
  2924 | D:4      | Reached ** piety under Zin
  2951 | D:4      | Noticed Natasha
  2969 | D:4      | Killed Natasha
  2971 | D:4      | HP: 3/61 [iguana (6)]
  3007 | D:4      | Found a staircase to the Ecumenical Temple.
  3083 | D:4      | Noticed Natasha
  3096 | D:3      | Killed Natasha
  3096 | D:3      | Reached skill level 5 in Armour
  3102 | D:3      | Noticed Natasha
  3114 | D:3      | Killed Natasha
  3114 | D:3      | Reached skill level 7 in Axes
  3415 | D:4      | Reached XP level 8. HP: 43/69 MP: 6/8
  3515 | D:4      | Got a brightly glowing spear
  3516 | D:4      | Identified the +3 spear "Irashrau" {holy, rPois MP+9 Str+3}
                  | (You found it on level 4 of the Dungeon)
  3609 | D:5      | Entered Level 5 of the Dungeon
  4239 | D:5      | Reached skill level 8 in Axes
  4298 | D:5      | Noticed Eustachio
  4299 | D:5      | Found a sparkling altar of Nemelex Xobeh.
  4323 | D:5      | Killed Eustachio
  4376 | Temple   | Entered the Ecumenical Temple
  4508 | Temple   | Fell from the grace of Zin
  4508 | Temple   | Became a worshipper of the Shining One
  4602 | D:5      | Reached * piety under the Shining One
  4884 | D:6      | Reached XP level 9. HP: 53/78 MP: 5/9
  4900 | D:6      | Reached skill level 9 in Axes
  5054 | D:6      | Found a shattered altar of Ashenzari.
  5298 | D:7      | Found Sukew's Antique Armour Boutique.
  5761 | D:7      | Found a white marble altar of Elyvilon.
  6143 | D:7      | Bought a pair of gloves for 162 gold pieces
  6143 | D:7      | Bought a cloak for 162 gold pieces
  6250 | D:8      | Found a transporter.
  6253 | D:8      | Noticed a kobold demonologist
  6255 | D:8      | Reached ** piety under the Shining One
  6261 | D:8      | Noticed a kobold demonologist
  6269 | D:8      | Found a transporter.
  6373 | D:8      | You fall through a shaft!
  6383 | D:9      | Reached skill level 10 in Axes
  7056 | D:8      | Found a staircase to the Lair.
  7056 | D:8      | Noticed a komodo dragon
  7058 | D:8      | Reached XP level 10. HP: 82/86 MP: 10/10
  7238 | D:8      | Reached *** piety under the Shining One
  7247 | D:8      | Noticed a sixfirhy
  7250 | D:8      | Killed a kobold demonologist
  7250 | D:8      | Reached skill level 11 in Axes
  7256 | D:8      | Noticed a rust devil
  7257 | D:8      | Killed a kobold demonologist
  7257 | D:8      | Reached skill level 1 in Invocations
  7442 | D:9      | Reached skill level 1 in Evocations
  7482 | D:9      | Found a hazy altar of Hepliaklqana.
  7583 | D:9      | Reached skill level 10 in Shields
  7858 | D:9      | Noticed a two-headed hydra
  7866 | D:9      | Killed a four-headed hydra
  7935 | D:10     | Entered Level 10 of the Dungeon
  7936 | D:10     | Found Otaesm's Gadget Boutique.
  7945 | D:10     | Reached skill level 12 in Axes
  7945 | D:10     | Reached XP level 11. HP: 82/95 MP: 13/13
  8225 | D:10     | Reached **** piety under the Shining One
  8227 | D:10     | Found a staircase to the Orcish Mines.
  8240 | D:10     | Reached ***** piety under the Shining One
  8567 | D:10     | You fall through a shaft!
  8617 | D:11     | Noticed Erolcha
  8620 | D:11     | Cast into level 1 of the Abyss (Erolcha)
  8688 | Abyss:1  | Noticed a necromancer
  8693 | Abyss:1  | Killed a necromancer
  8735 | Abyss:1  | Noticed a green death
  8749 | Abyss:1  | HP: 3/95 [smoke demon/divine providence (16)]
  8750 | Abyss:1  | Killed from afar by a smoke demon

Skill      XL: |  1  2  3  4  5  6  7  8  9 10 11 |
---------------+----------------------------------+-----
Axes           | 3 4 5 6 7 8 10 12 | 12.4
Shields        | 4 5 6 7 9 10 | 10.9
Fighting       | 4 5 6 7 8 |  8.8
Armour         | 4 5 6 7 8 |  8.2
Invocations    | 3 4 |  4.3
Evocations     | 2 3 |  3.2

Action                   |  1- 3 |  4- 6 |  7- 9 | 10-12 || total
-------------------------+-------+-------+-------+-------++-------
Melee: War axe           |    90 |   296 |   356 |   187 ||   929
       Spear             |       |       |    43 |       ||    43
Evoke: Wand              |       |       |       |    19 ||    19
  Use: Scroll            |       |     5 |     7 |     1 ||    13
       Potion            |       |     1 |     4 |     1 ||     6
  Eat: Chunk             |       |     7 |    14 |     3 ||    24
       Ration            |       |       |       |     2 ||     2
Armor: Scale mail        |    36 |   164 |   146 |    71 ||   417
       Skin              |       |       |     7 |     1 ||     8
Dodge: Dodged            |    22 |   111 |   112 |    47 ||   292
Block: Shield            |    50 |   171 |   227 |   112 ||   560
